 Dungeon Crawl Stone Soup version 0.22-a0-587-g7d32d7c (webtiles) character file.

158 sking99 the Ruffian (level 5, -4/40 HPs)
             Began as a Draconian Transmuter on July 4, 2018.
             Was an Initiate of Ru.
             Slain by an orc
             ... wielding a cursed -1 club
              (5 damage)
             ... on level 3 of the Dungeon.
             The game lasted 00:06:20 (3070 turns).

sking99 the Ruffian (Draconian Transmuter)          Turns: 3070, Time: 00:06:20

Health: -4/40      AC:  6    Str: 12    XL:     5   Next: 16%
Magic:  2/8        EV: 12    Int: 20    God:    Ru [......]
Gold:   92         SH:  0    Dex: 11    Spells: 5/8 levels left

rFire    . . .     SeeInvis .     - Unarmed
rCold    . . .     Gourm    .   (no shield)
rNeg     . . .     Faith    .   (armour unavailable)
rPois    .         Spirit   .   (helmet restricted)
rElec    .         Reflect  .   (no cloak)
rCorr    .         Harm     .   b - +0 pair of gloves
MR       .....                  (no boots)
Stlth    +.........             (no amulet)
HPRegen  0.13/turn              (no ring)
MPRegen  0.11/turn              (no ring)

@: brilliant, appendage (expiring), very slightly contaminated
A: unfitting armour, horns 2, cold-blooded, AC +5
a: End Transformation, Renounce Religion


You were on level 3 of the Dungeon.
You worshipped Ru.
Ru was noncommittal.
You were very hungry.
You had grown temporary horns.
You visited 1 branch of the dungeon, and saw 3 of its levels.

You collected 92 gold pieces.

Inventory:

Missiles
 a - 18 arrows
Armour
 b - a +0 pair of gloves (worn)
Scrolls
 d - a scroll of fear {unknown}
 e - a scroll of random uselessness {unknown}
 g - 6 scrolls of identify {unknown}
 h - 2 scrolls of enchant armour {unknown}
 i - 2 scrolls of amnesia {unknown}
 k - 2 scrolls of teleportation {unknown}
 l - 3 scrolls of remove curse {unknown}
 m - a scroll of noise {unknown}
Potions
 j - a potion of heal wounds {unknown}
 n - a potion of curing {unknown}
Comestibles
 c - 7 rations


   Skills:
 - Level 1.1 Fighting
 - Level 1.7 Dodging
 + Level 5.8 Unarmed Combat
 + Level 2.1 Spellcasting
 + Level 2.1 Transmutations


You had 5 spell levels left.
You knew the following spells:

 Your Spells              Type           Power        Failure   Level  Hunger
a - Beastly Appendage     Tmut           ###...       1%          1    #......
b - Sticks to Snakes      Tmut           ###.....     1%          2    ##.....

Your spell library contained the following spells:

 Spells                   Type           Power        Failure   Level  Hunger
 Spider Form              Tmut/Pois      ###.......   3%          3    ###....
 Blade Hands              Tmut           ###.......   19%         5    ######.
 Ice Form                 Ice/Tmut       ###.....     12%         4    #####..


Dungeon Overview and Level Annotations

Branches:
Dungeon (3/15)

Altars:
Kikubaaqudgha
Ru
Yredelemnul

Annotations:
D:3 3 runed doors, ReniFell's ghost, amateur DsFi


Innate Abilities, Weirdness & Mutations

Your plain brown scales are hard. (AC +5)
You cannot fit into any form of body armour.
You are cold-blooded and may be slowed by cold attacks.
You have a pair of horns on your head.


Message History

You feel clever all of a sudden.
Your ball python bites the orc.
Your ball python completely misses the orc.
The orc priest looks braver for a moment.
The orc hits you with a short sword of speed!
The orc misses you. The orc hits you but does no damage.
You closely miss the orc.
Your transformation is almost over.
Your ball python barely misses the orc. x2
The orc priest mumbles some strange prayers to Beogh against you.
Beogh smites you!
* * * LOW HITPOINT WARNING * * *
The orc hits you with a short sword of speed.
* * * LOW HITPOINT WARNING * * *
The orc hits you but does no damage.
Your ball python bites the orc.
Your ball python closely misses the orc.
The orc closely misses your ball python.
The orc hits you with a club.
You die...

#.......... #.....#
.##.......8######
...o.......#.....8
....o..ro.o#..##..
...ooo..†.o#o.#8.. #
...#######r#oW##. +
#.#o#.W.. #######o+.# .[
#...@oro+.#.
.#######....ooS+ #...
..............#.#.#....###
.............###.#..##..#.#
.............# #.#..#8..#.#
#.............# #.#..##. #.#
#.............# #.#.... #.#
#.........().## #8########.#
.............####..........#


You could see an orc priest, 4 orcs, a rat and a friendly ball python.

Vanquished Creatures
  An orc wizard (D:2)
  4 adders
  4 gnolls (D:2)
  A shadow imp (D:2)
  A worm (D:2)
  2 dart slugs
  3 leopard geckos
  5 bats
  2 giant cockroaches
  3 goblins
  6 hobgoblins
  10 kobolds
  A quokka (D:3)
  2 frilled lizards (D:2)
  6 rats
51 creatures vanquished.

Vanquished Creatures (collateral kills)
  An orc (D:3)
1 creature vanquished.

Grand Total: 52 creatures vanquished

Notes
Turn   | Place    | Note
-------+----------+-------------------------------------------
     0 | D:1      | sking99 the Draconian Transmuter began the quest for the Orb.
     0 | D:1      | Reached XP level 1. HP: 16/16 MP: 3/3
   209 | D:1      | Reached XP level 2. HP: 19/23 MP: 3/5
   794 | D:2      | Reached skill level 4 in Unarmed Combat
  1014 | D:2      | Learned a level 2 spell: Sticks to Snakes
  1064 | D:2      | Reached XP level 3. HP: 28/28 MP: 6/6
  1314 | D:2      | Reached XP level 4. HP: 11/35 MP: 7/7
  1540 | D:2      | Reached skill level 5 in Unarmed Combat
  2163 | D:2      | Reached XP level 5. HP: 14/40 MP: 8/8
  2362 | D:2      | Found a sacrificial altar of Ru.
  2378 | D:2      | Became a worshipper of Ru the Awakened
  2883 | D:3      | Found a basalt altar of Yredelemnul.
  3006 | D:3      | Found an ancient bone altar of Kikubaaqudgha.
  3036 | D:3      | Found a runed gate.
  3036 | D:3      | Found a runed gate.
  3036 | D:3      | Found a runed gate.
  3042 | D:3      | Noticed ReniFell's ghost (amateur DsFi)
  3069 | D:3      | HP: 1/40 [orc/short sword of speed (4)]
  3070 | D:3      | Slain by an orc

Vault maps used:
D:1:      dpeg_arrival_orchard
D:2:      nicolae_ru_great_annihilating_truth
D:3:      marbit_many_paths, lemuel_crystal_altar, biasface_ghost_orc_armoury,
          first_ration, minivault_24

Skill      XL: |  1  2  3  4 |
---------------+-------------+-----
Unarmed Combat | 4 5 |  5.8
Fighting       | |  1.1
Dodging        | |  1.7
Spellcasting   | |  2.1
Transmutations | |  2.1

Action                   |  1- 3 |  4- 6 || total
-------------------------+-------+-------++-------
Melee: Unarmed           |    98 |   111 ||   209
       Headbutt          |     3 |       ||     3
       Tailslap          |     8 |    10 ||    18
       Punch             |       |     1 ||     1
       Kick              |       |     3 ||     3
 Cast: Beastly Appendage |     3 |     2 ||     5
       Sticks to Snakes  |       |     5 ||     5
  Use: Potion            |       |     1 ||     1
 Stab: Distracted        |       |     1 ||     1
       Paralysed         |       |     1 ||     1
  Eat: Chunk             |     1 |     5 ||     6
Armor: Skin              |    21 |    38 ||    59
Dodge: Dodged            |    57 |    73 ||   130

Table legend:
 A = Spawn XP
 B = Non-spawn XP
 C = Spawn XP percentage of total XP
 D = Spawn monster count
 E = Non-spawn monster count
 F = Spawn count percentage of total count
 G = Total turns spent on level
                    A         B        C        D         E        F      G
               +---------+---------+-------+---------+---------+-------+---------
         Total |       0 |     227 |   0.0 |       0 |      52 |   0.0 |  3070
               +---------+---------+-------+---------+---------+-------+---------
           D:1 |       0 |      27 |   0.0 |       0 |      14 |   0.0 |   785
           D:2 |       0 |     175 |   0.0 |       0 |      30 |   0.0 |  1822
           D:3 |       0 |      25 |   0.0 |       0 |       8 |   0.0 |   463
               +---------+---------+-------+---------+---------+-------+---------
